 Dungeon Crawl Stone Soup version 0.31-a0-1591-g515db51633 (webtiles) character file.

Game seed: 7146951498344412921

248204 Xavori the Spry (level 20, -5/161 HPs)
             Began as a Djinni Chaos Knight on Jan 6, 2024.
             Was a Favourite Plaything of Xom.
             Slain by a peacekeeper (11 damage)
             ... in the Desolation of Salt on Jan 7, 2024.
             The game lasted 01:21:36 (48518 turns).

Xavori the Spry (Djinni Chaos Knight)              Turns: 48518, Time: 01:21:37

Health: -5/161     AC: 17    Str: 22    XL:     20   Next: 35%
Gold:   2464       EV: 28    Int: 26    God:    Xom [*.....] SH: 16 Dex: 29

rFire   + + .        I - +4 scimitar (flame)
rCold   + + .        g - +2 buckler
rNeg    + . .        U - +4 skin of Zhor {*Englaciate rC+++ SInv}
rPois   ∞            e - +2 hat
rElec   .            f - +1 cloak
rCorr   .            R - +0 pair of gloves of Jigsaw {Slay+2}
SInv    +            (boots unavailable)
Will    +++++        T - amulet "Bigiarim" {Reflect SH+5 Stlth+}
Stlth   +++          M - ring of Monotheism {rN+ Str+8 Int+4}
HPRegen 0.46/turn    A - ring of Mirth {Str+6 Dex+6}
MPRegen 0.00/turn

%: reflection, infuse magic (-6 HP)
@: flying
A: sickness immunity, fire resistance 2, cold vulnerability 1, float, innate
caster, HP casting, extra vitality 1, horns 2, iridescent scales 2, agile 1,
clever 2, strong-willed 3, robust 1
}: 2/15 runes: decaying, gossamer
a: Renounce Religion


You were in the Desolation of Salt.
You worshipped Xom.
You were a special plaything of Xom.
You visited 6 branches of the dungeon, and saw 32 of its levels.
You also visited: Sewer, Gauntlet, Ice Cave and Desolation.

You collected 4482 gold pieces.
You spent 2018 gold pieces at shops.

Inventory:

Hand Weapons
 I - a +4 scimitar of flaming (weapon)
Armour
 e - a +2 hat (worn)
 f - a +1 cloak (worn)
 g - a +2 buckler (worn)
 P - a +2 pair of gloves of infusion
 R - the +0 pair of gloves of Jigsaw (worn) {Slay+2}
   (You found it in a Gauntlet)

   Slay+2:    It affects your accuracy & damage with ranged weapons and melee
   (+2).
 U - the +4 skin of Zhor (worn) {*Englaciate rC+++ SInv}
   (You found it in a Gauntlet)

   *Englaciate: It radiates cold, occasionally slowing all nearby creatures who
   are not resistant to cold.
   rC+++:     It renders you almost immune to cold.
   SInv:      It lets you see invisible.
 W - the -1 pair of gloves of the Burning God {rC+ Will+}
   (You found it in an ice cave)

   rC+:       It protects you from cold.
   Will+:     It increases your willpower.
 Y - a scarf of resistance
Jewellery
 d - the ring of the Burgomaster {Fire Dex+2 Slay+3}
   (You found it in a Gauntlet)

   [ring of fire]

   Fire:      It enhances your fire magic.
   Dex+2:     It affects your dexterity (+2).
   Slay+3:    It affects your accuracy & damage with ranged weapons and melee
   (+3).
   rF+:       It protects you from fire.
   rC-:       It makes you vulnerable to cold.
 m - a ring of wizardry
 r - a ring of ice
 z - a +4 ring of protection
 A - the ring of Mirth (right hand) {Str+6 Dex+6}
   (You found it on level 3 of the Spider Nest)

   [ring of strength]

   Str+6:     It affects your strength (+6).
   Dex+6:     It affects your dexterity (+6).
 L - a ring of resist corrosion
 M - the ring of Monotheism (left hand) {rN+ Str+8 Int+4}
   (Xom gifted it to you in an ice cave)

   [ring of positive energy]

   Str+8:     It affects your strength (+8).
   Int+4:     It affects your intelligence (+4).
   rN+:       It protects you from negative energy.
 N - a ring of positive energy
 T - the amulet "Bigiarim" (around neck) {Reflect SH+5 Stlth+}
   (You took it off a minotaur in a Gauntlet)

   [amulet of reflection]

   Reflect:   It reflects blocked missile attacks.
   SH+5:      It affects your SH (+5).
   Stlth+:    It makes you more stealthy.
Wands
 b - a wand of digging (7)
 o - a wand of polymorph (16)
 p - a wand of roots (4)
 y - a wand of paralysis (37)
 C - a wand of quicksilver (16)
 F - a wand of flame (60)
 J - a wand of mindburst (23)
Scrolls
 c - 2 scrolls of butterflies
 h - 8 scrolls of teleportation
 k - 2 scrolls of fear
 u - 5 scrolls of blinking
 v - 2 scrolls of silence
 w - 5 scrolls of enchant weapon
 G - 3 scrolls of enchant armour
 H - a scroll of brand weapon
 K - a scroll of immolation
 O - 4 scrolls of poison
 Q - 4 scrolls of fog
 S - 4 scrolls of revelation
 Z - 11 scrolls of identify
Potions
 a - 11 potions of heal wounds
 i - 7 potions of brilliance
 j - 13 potions of curing
 l - 7 potions of haste
 n - a potion of ambrosia
 q - 5 potions of might
 x - 10 potions of enlightenment
 B - 9 potions of mutation
 D - a potion of invisibility
 E - 3 potions of berserk rage
 V - 4 potions of resistance
 X - 3 potions of cancellation
Miscellaneous
 s - a phial of floods (inert)
 t - a condenser vane


   Skills:
 + Level 14.1 Fighting
 + Level 13.0 Long Blades
 + Level 13.8 Armour
 + Level 15.1 Dodging
 + Level 12.0 Shields
 * Level 13.8 Spellcasting
 * Level 13.8 Conjurations
 * Level 13.8 Hexes
 * Level 13.8 Summonings
 * Level 13.8 Necromancy
 * Level 13.8 Translocations
 * Level 13.8 Fire Magic
 * Level 13.8 Ice Magic
 * Level 13.8 Air Magic
 * Level 13.8 Earth Magic
 * Level 13.8 Alchemy
 - Level 9.4 Evocations


You knew the following spells:

 Your Spells              Type           Power      Damage    Failure   Level
a - Slow                  Hex            100%       N/A       0%          1
b - Mercury Vapours       Alch/Air       100%       N/A       1%          2
c - Blink                 Tloc           100%       N/A       1%          2
d - Sticky Flame          Fire/Alch      74%        2d12      1%          4
e - Iskenderun's Battles  Conj           74%        2d12      1%          5
f - Freezing Cloud        Conj/Ice/Air   37%        6-21      1%          5
g - Sculpt Simulacrum     Ice/Alch       37%        N/A       1%          6
h - Monstrous Menagerie   Summ           37%        N/A       10%         7
i - Orb of Destruction    Conj           37%        9d11      10%         7
Your spell library was empty.

Dungeon Overview and Level Annotations

Branches:
Dungeon (15/15)            Temple (0/1) D:5            Lair (5/5) D:9
  Swamp (4/4) Lair:3       Spider (4/4) Lair:3        Slime (0/5) Lair:5
    Orc (2/2) D:12            Elf (0/3) Orc:2        Vaults (2/5) D:14
 Depths (0/4) D:15          Sewer (visited)           IceCv (visited)
Desolation (1/1)          Gauntlet (visited)
  Crypt: Vaults:2-3

Altars:
Trog
Xom

Shops:
D:3 :([![   D:12 *   D:14 ![*[:   Orc:1 ?   Orc:2 **!([

Portals:
Trove: D:12 (give 12 potions of heal wounds)

Annotations:
D:4 3 runed translucent doors, epsilonplus's ghost, amateur DEHs
D:6 2 transporters, DeathSocks's ghost, novice VSFi
D:7 3 runed translucent doors, AstroCodex24's ghost, novice DgFi


Innate Abilities, Weirdness & Mutations

You are immune to sickness and miasma.
You are immune to poison.
Your flesh is very heat resistant. (rF++)
You are vulnerable to cold. (rC-)
You float through the air rather than walking.
You learn spells naturally, not from books.
Your magical power is your life essence.
You have superior vitality. (+4 MHP)
You have a pair of horns on your head.
You are mostly covered in iridescent scales. (AC +4)
You are agile. (Dex +4, Str/Int -1)
Your mind is very acute. (Int +8, Str/Dex -2)
You are extremely strong-willed. (Will+++)
You are robust. (+10% HP)


Message History

The saltling hits you!
* * * LOW HITPOINT WARNING * * *
The saltling is engulfed in freezing vapours.
Unknown command.
Unknown command.
Unknown command.
You slash the ragged hierophant! You burn the ragged hierophant.
The ragged hierophant is almost dead.
The peacekeeper barely misses you. The peacekeeper completely misses you.
The ragged hierophant mumbles some strange words.
The ragged hierophant begins to accept its allies' injuries.
The ragged hierophant casts a spell at you.
A blast of power from the earth and the adjacent constructs strikes you!
* * * LOW HITPOINT WARNING * * *
Unknown command.
Unknown command.
Blink to where?
Press: ? - help, Dir - move target, f - you
Okay, then.
Okay, then.
Okay, then.
Casting: Freezing Cloud (mildly dangerous; 1% risk of failure)
Confirm with . or Enter, or press ? or * to list all spells.
Okay, then.
Casting: Freezing Cloud (mildly dangerous; 1% risk of failure)
Confirm with . or Enter, or press ? or * to list all spells.
Okay, then.
Okay, then.
As you read the scroll of fear, it crumbles to dust.
You assume a fearsome visage.
The ragged hierophant looks frightened!
The peacekeeper is unaffected.
The saltling is unaffected.
The ragged hierophant looks frightened! x2; The saltling is unaffected.
The peacekeeper no longer looks unusually strong.
The peacekeeper completely misses you. The peacekeeper misses you.
The saltling hits you!!
* * * LOW HITPOINT WARNING * * *
Xom thinks this is hilarious!
The peacekeeper bites you!
You die...
Xom giggles madly!

#####....§§§...
######§.....§...
######§.§§§.#...
######.......9..
######.§§§§§....
######.§§§§§....
######§§a§§§....
######9§999§....
######.@#§§.....
######aa#.a.....
######§§§.......
######....§§.§..
######.§.§§§§§§.
######.§.§§§....
######...§
######..§§


You could see 3 ragged hierophants, a peacekeeper (sheltered) and 3 saltlings.

Vanquished Creatures
  Saint Roka (Orc:2)
  Nikola (Vaults:1)
  Rupert (Lair:4)
  Gastronok (D:12)
  A tengu reaver (D:14)
  Kirke (Lair:4)
  Agnes (Spider:1)
  An azure jelly (IceCv)
  3 vault wardens
  A frost giant (Vaults:1)
  Louise (Spider:1)
  3 emperor scorpions
  5 ghost moths
  An ironbound thunderhulk (Vaults:1)
  A formless jellyfish (Vaults:1)
  4 broodmothers
  3 ironbound preservers
  A quicksilver ooze (IceCv)
  3 eleionomae
  A bunyip (Swamp:3)
  2 spark wasps
  7 dire elephants
  Azrael (D:12)
  2 minotaurs
  2 green deaths (Swamp:4)
  Snorg (D:12)
  A ragged hierophant (Desolation)
  2 entropy weavers
  2 shambling mangroves (Swamp:4)
  3 fire dragons
  A hell beast (Swamp:4)
  9 hydras
  2 great orbs of eyes
  2 yaktaur captains (Vaults:1)
  A vault guard (Vaults:1)
  Harold (Lair:1)
  2 ghost crabs
  3 ogre magi
  A servant of whispers (Desolation)
  2 peacekeepers (Desolation)
  10 alligators
  Erolcha (D:13)
  A jorogumo (Spider:3)
  A centaur warrior (D:15)
  An ironbound frostheart (Vaults:1)
  2 radroaches
  2 ice dragons
  16 two-headed ogres
  8 boulder beetles
  A satyr (D:15)
  3 death yaks
  4 demonic crawlers
  A tengu warrior (D:15)
  4 occultists (D:13)
  2 thrashing horrors (Swamp:4)
  Amaemon (Lair:1)
  Sonja (Lair:4)
  A skyshark (Swamp:3)
  A fire crab (Lair:5)
  9 goliath frogs
  4 pharaoh ants
  A death drake (Swamp:3)
  7 arcanists
  12 deep trolls
  A spriggan druid (Swamp:4)
  3 bog bodies (Swamp:4)
  5 ironbound convokers (Vaults:1)
  A lindwurm (Lair:4)
  8 swamp dragons
  A sun moth (Spider:1)
  10 orb spiders
  2 orc knights
  A deep elf pyromancer (D:13)
  11 wolf spiders
  4 steelbarb worms
  A necromancer (Vaults:2)
  2 orc sorcerers (Orc:2)
  A harpy (Swamp:2)
  19 ugly things
  3 manticores
  6 cyclopes
  5 will-o-the-wisps
  16 elephants
  2 moths of wrath
  7 black mambas
  A meliai (Spider:4)
  2 ice statues (IceCv)
  2 large abominations (Swamp:4)
  4 vault sentinels (Vaults:1)
  An eye of devastation (IceCv)
  3 kobold blastminers
  5 orange demons
  2 molten gargoyles (Lair:5)
  5 cane toads
  2 torpor snails
  Jeremiah (D:7)
  An unseen horror (D:9)
  A rime drake (Lair:5)
  2 tengu conjurers (D:13)
  A guardian mummy (D:12)
  18 komodo dragons
  4 yaktaurs
  A bloated husk (Swamp:2)
  11 trolls
  3 polar bears
  A polar bear (shapeshifter) (D:14)
  8 tyrant leeches
  Prince Ribbit (D:6)
  A raiju (Gauntlet)
  15 tarantellas
  14 hornets
  18 blink frogs
  8 saltlings (Desolation)
  18 jumping spiders
  42 slime creatures
  3 shadows
  3 centaur simulacra (Gauntlet)
  2 vampires
  18 culicivoras
  65 yaks
  A human (Lair:4)
  A fire elemental (D:12)
  5 spriggans
  4 wyverns (Lair:5)
  6 basilisks (Lair:5)
  4 hogs (Lair:4)
  9 wargs
  37 redbacks
  A neqoxec (Gauntlet)
  Grum (D:9)
  5 steam dragons
  11 vampire mosquitoes
  3 chaos spawn (Gauntlet)
  14 swamp worms
  6 great orb of eyes simulacra (IceCv)
  8 hell hounds
  15 water moccasins
  Duvessa (D:6)
  20 orc warriors
  7 ice beasts
  A sky beast (D:8)
  A black bear (shapeshifter) (D:14)
  7 black bears
  8 boggarts
  22 wolves
  5 centaurs
  29 ogres
  5 slime creature simulacra (IceCv)
  A phantom (D:6)
  3 kobold brigands
  15 bullfrogs
  4 gnoll sergeants
  2 scorpions
  3 glowing shapeshifter simulacra (IceCv)
  26 wights
  Dowan (D:6)
  10 killer bees
  A howler monkey (D:8)
  3 electric eels
  2 bombardier beetles
  A wyvern simulacrum (Gauntlet)
  5 lava snakes (Lair:5)
  3 hounds
  5 jellies (Lair:5)
  3 gnoll boudas (D:10)
  14 orc priests
  6 iguanas
  17 orc wizards
  A sleepcap (D:5)
  6 shapeshifter simulacra (IceCv)
  22 gnolls
  16 adders
  3 shadow imps
  16 white imps
  2 ufetubi (D:8)
  12 dart slugs
  2 ribbon worms (D:3)
  86 orcs
  4 bats
  16 endoplasms
  15 giant cockroaches
  8 goblins
  12 hobgoblins
  7 jackals
  2 quokkas
  11 ball pythons
  9 frilled lizards
  23 kobolds
  13 rats
1220 creatures vanquished.

Vanquished Creatures (collateral kills)
  2 emperor scorpions (Spider:4)
  A fire giant (D:15)
  2 broodmothers (Spider:4)
  An ironbound preserver (Vaults:1)
  A spark wasp (Spider:3)
  A two-headed ogre (Orc:2)
  2 orb spiders (Spider:4)
  A wolf spider (Spider:4)
  A troll (D:10)
  A slime creature (Swamp:4)
  2 jumping spiders (Spider:4)
  A culicivora (Spider:4)
  2 yaks (D:10)
  4 vampire mosquitoes (D:10)
  A redback (Spider:4)
  A water moccasin (Lair:5)
  2 orc warriors (D:10)
  2 laughing skulls (D:15)
  A gnoll sergeant (D:10)
  4 wights (D:7)
  An orc priest (D:10)
  A gnoll bouda (D:10)
  An orc wizard (D:10)
  5 gnolls (D:10)
  6 orcs (D:10)
  5 jackals (D:10)
52 creatures vanquished.

Vanquished Creatures (others)
  A bog body (Swamp:3)
  A molten gargoyle (Lair:5)
  A cane toad (Lair:4)
  5 bloated husks
  2 bullfrogs
  An orc wizard (D:3)
  An adder (Sewer)
  An iguana zombie (D:5)
  A dart slug (Sewer)
  2 orcs (D:3)
  A bat (D:3)
  An endoplasm (Sewer)
  A rat (D:3)
  6 foxfires
25 creatures vanquished.

Grand Total: 1297 creatures vanquished

Notes
Turn   | Place    | Note
-------+----------+-------------------------------------------
     0 | D:1      | Xavori the Djinni Chaos Knight began the quest for the Orb.
     0 | D:1      | Reached XP level 1. HP: 20/20 MP: 0/0
   161 | D:1      | Reached XP level 2. HP: 16/25 MP: 0/0
   434 | D:1      | Found a faded altar of an unknown god.
   602 | D:1      | Reached XP level 3. HP: 26/30 MP: 0/0
   602 | D:1      | Learned a level 1 spell: Slow
   691 | D:1      | Reached skill level 1 in Spellcasting
   691 | D:1      | Reached skill level 1 in Conjurations
   691 | D:1      | Reached skill level 1 in Hexes
   691 | D:1      | Reached skill level 1 in Summonings
   691 | D:1      | Reached skill level 1 in Necromancy
   691 | D:1      | Reached skill level 1 in Translocations
   691 | D:1      | Reached skill level 1 in Fire Magic
   691 | D:1      | Reached skill level 1 in Ice Magic
   691 | D:1      | Reached skill level 1 in Air Magic
   691 | D:1      | Reached skill level 1 in Earth Magic
   691 | D:1      | Reached skill level 1 in Alchemy
   763 | D:1      | XOM: silly message
   855 | D:1      | XOM: silly message
  1289 | D:1      | XOM: silly message
  1900 | D:1      | XOM is BORED!
  1900 | D:1      | XOM: silly message
  2298 | D:1      | XOM is BORED!
  2298 | D:1      | XOM: silly message
  2392 | D:1      | XOM: divination: detect creatures
  2521 | D:1      | XOM: silly message
  2532 | D:1      | XOM: silly message
  3088 | D:1      | XOM is BORED!
  3088 | D:1      | XOM: silly message
  4148 | D:1      | XOM is BORED!
  4288 | D:1      | XOM: silly message
  4588 | D:1      | XOM: silly message
  4799 | D:1      | XOM: divination: detect creatures
  4982 | D:1      | XOM: silly message
  5177 | D:1      | XOM: silly message
  6136 | D:1      | XOM: divination: magic mapping
  6608 | D:1      | XOM: noise
  7115 | D:1      | XOM is BORED!
  7830 | D:1      | XOM: give mutations
  7830 | D:1      | Gained mutation: You are partially covered in iridescent
                  | scales. (AC +2) [Xom's grace]
  7830 | D:1      | Gained mutation: You possess an exceptional clarity of
                  | mind. [Xom's grace]
  8430 | D:1      | XOM: cloud trail
  9241 | D:2      | XOM: confuse monster(s)
  9251 | D:2      | Reached XP level 4. HP: 35/35 MP: 0/0
  9286 | D:2      | XOM: cleaving
  9517 | D:3      | XOM: potion effect (invisibility)
  9522 | D:3      | Reached XP level 5. HP: 34/40 MP: 0/0
  9522 | D:3      | Learned a level 2 spell: Mercury Vapours
  9525 | D:3      | XOM: smoke on damage
  9610 | D:3      | Found a glowing drain.
  9647 | Sewer    | XOM: stealth player
  9647 | Sewer    | Entered a sewer
  9715 | Sewer    | Reached skill level 3 in Dodging
  9835 | Sewer    | XOM: smoke on damage
  9889 | Sewer    | XOM: noise
  9898 | Sewer    | Reached XP level 6. HP: 34/46 MP: 0/0
  9986 | Sewer    | XOM: enchant monster (bad)
  9998 | Sewer    | XOM: divine lightning
 10242 | D:3      | Found Fuodybb's Antique Weapon Shop.
 10255 | D:3      | XOM: destruction
 10256 | D:3      | Reached XP level 7. HP: 48/51 MP: 0/0
 10256 | D:3      | Learned a level 2 spell: Blink
 10259 | D:3      | Reached skill level 1 in Evocations
 10287 | D:3      | Found Kargh's Armour Boutique.
 10474 | D:3      | XOM: 2-stop teleportation journey
 10523 | D:3      | XOM: god gift: brown potion {god gift}
 10589 | D:3      | Found Yddamu Ofioxt's Book Shoppe.
 10691 | D:3      | Found Qegh's Antique Armour Emporium.
 10717 | D:3      | Found Anoiciss's Distillery.
 10725 | D:3      | Bought a potion of heal wounds for 60 gold pieces
 10725 | D:3      | Bought a potion of degeneration for 12 gold pieces
 10875 | D:4      | Found a runed translucent gate.
 10881 | D:4      | XOM: confuse monster(s)
 10966 | D:4      | XOM: god gift: 2 boomerangs
 11060 | D:4      | XOM: cloud trail
 11088 | D:4      | XOM: scenery: summon butterflies
 11359 | D:4      | XOM: 2-stop teleportation journey
 11418 | D:4      | XOM: give mutations
 11418 | D:4      | Gained mutation: You are dopey. (Int -2) [Xom's mischief]
 11418 | D:4      | Lost mutation: You are partially covered in iridescent
                  | scales. (AC +2) [Xom's mischief]
 11550 | D:4      | Found a runed translucent gate.
 11550 | D:4      | Found a runed translucent gate.
 11557 | D:4      | Noticed epsilonplus's ghost (amateur DEHs)
 11747 | D:4      | XOM: stat loss: -1 Str (10/11)
 11815 | D:4      | HP: 1/52 [white imp/puff of frost (18)]
 11815 | D:4      | XOM: butterfly on damage
 12024 | D:4      | XOM: give mutations
 12024 | D:4      | Lost mutation: You are dopey. (Int -2) [Xom's mischief]
 12024 | D:4      | Gained mutation: You are covered in fur. (AC +1) [Xom's
                  | mischief]
 12101 | D:5      | Entered Level 5 of the Dungeon
 12119 | D:5      | Found a staircase to the Ecumenical Temple.
 12170 | D:4      | Reached skill level 4 in Dodging
 12170 | D:4      | Reached XP level 8. HP: 32/58 MP: 0/0
 12321 | D:5      | Identified the +0 trident of Risk Management {freeze, rC+}
 12334 | D:5      | XOM: 4-stop teleportation journey
 12426 | D:5      | XOM: noise
 12700 | D:5      | a water moccasin changed into a manticore
 12700 | D:5      | Noticed a manticore
 12700 | D:5      | XOM: polymorph water moccasin -> manticore
 12719 | D:5      | Killed a manticore
 12830 | D:5      | XOM: 5-stop teleportation journey
 12914 | D:5      | XOM: summons 5 hostile demons
 12915 | D:5      | Noticed a hellwing
 13211 | D:5      | XOM: give mutations
 13211 | D:5      | Lost mutation: You possess an exceptional clarity of mind.
                  | [Xom's mischief]
 13211 | D:5      | Gained mutation: You are strong-willed. (Will+) [Xom's
                  | mischief]
 13316 | D:5      | XOM: summons 1 hostile shadow creature
 13446 | D:6      | Noticed Prince Ribbit
 13447 | D:6      | XOM: potion effect (haste)
 13450 | D:6      | XOM: give mutations
 13450 | D:6      | Gained mutation: You possess an exceptional clarity of
                  | mind. [Xom's mischief]
 13450 | D:6      | Gained mutation: Armour fits poorly on your strangely
                  | shaped body. [Xom's mischief]
 13466 | D:6      | XOM: enchant monster (bad)
 13468 | D:6      | Killed Prince Ribbit
 13469 | D:6      | Reached XP level 9. HP: 56/64 MP: 0/0
 13469 | D:6      | Learned a level 4 spell: Sticky Flame
 13511 | D:6      | Found a transporter.
 13513 | D:6      | Noticed DeathSocks's ghost (novice VSFi)
 13533 | D:6      | Found a transporter.
 13565 | D:6      | Reached skill level 5 in Fighting
 13705 | D:6      | Reached skill level 5 in Dodging
 13858 | D:6      | XOM: 1-stop teleportation journey
 14125 | D:6      | XOM: 3-stop teleportation journey
 14137 | D:6      | Identified the +0 rapier of the Warrior-Mage {flame, Str+4
                  | Stlth-}
 14137 | D:6      | XOM: 4-stop teleportation journey
 14194 | D:6      | XOM: cloud trail
 14225 | D:6      | XOM: scenery: summon butterflies
 14275 | D:6      | XOM: 1-stop teleportation journey
 14276 | D:6      | Reached skill level 5 in Evocations
 14391 | D:6      | XOM: cleaving
 14403 | D:6      | XOM: cloud trail
 14475 | D:6      | XOM: scenery: create altars
 14517 | D:6      | XOM: give mutations
 14517 | D:6      | Gained mutation: You are somewhat resistant to further
                  | mutation. [Xom's grace]
 14517 | D:6      | Gained mutation: You expend health (3 HP) to strengthen
                  | your wands. [Xom's grace]
 14584 | D:6      | Noticed Duvessa
 14584 | D:6      | Noticed Dowan
 14592 | D:6      | Killed Dowan
 14600 | D:6      | Killed Duvessa
 14601 | D:6      | Reached skill level 5 in Long Blades
 14951 | D:6      | XOM: god gift: book of the Warp
 15203 | D:7      | XOM: polymorph orc priest -> ogre
 15283 | D:7      | XOM: divination: magic mapping
 15323 | D:7      | Reached skill level 5 in Spellcasting
 15323 | D:7      | Reached skill level 5 in Conjurations
 15323 | D:7      | Reached skill level 5 in Hexes
 15323 | D:7      | Reached skill level 5 in Summonings
 15323 | D:7      | Reached skill level 5 in Necromancy
 15323 | D:7      | Reached skill level 5 in Translocations
 15323 | D:7      | Reached skill level 5 in Fire Magic
 15323 | D:7      | Reached skill level 5 in Ice Magic
 15323 | D:7      | Reached skill level 5 in Air Magic
 15323 | D:7      | Reached skill level 5 in Earth Magic
 15323 | D:7      | Reached skill level 5 in Alchemy
 15323 | D:7      | Reached XP level 10. HP: 68/71 MP: 0/0
 15387 | D:7      | XOM: cleaving
 15393 | D:7      | XOM: fake destruction
 15395 | D:7      | XOM: god gift: 7 stones
 15517 | D:7      | XOM: give mutations
 15517 | D:7      | Gained mutation: You are partially covered in iridescent
                  | scales. (AC +2) [Xom's grace]
 15517 | D:7      | Gained mutation: Your movements are slightly less
                  | encumbered by armour. (ER -2) [Xom's grace]
 15517 | D:7      | Gained mutation: You passively dampen the noise of your
                  | surroundings. [Xom's grace]
 15537 | D:7      | XOM: god gift: 2 javelins
 15581 | D:7      | XOM: scenery: summon butterflies
 15586 | D:7      | Reached skill level 5 in Armour
 15677 | D:7      | XOM: noise
 15864 | D:7      | Found a runed translucent gate.
 15864 | D:7      | Found a runed translucent gate.
 15864 | D:7      | Found a runed translucent gate.
 15943 | D:7      | XOM: noise
 15956 | D:7      | Reached skill level 6 in Dodging
 16226 | D:7      | Noticed Jeremiah
 16245 | D:7      | Killed Jeremiah
 16786 | D:7      | Noticed AstroCodex24's ghost (novice DgFi)
 16879 | D:3      | Bought a pair of scorched gloves for 218 gold pieces
 16879 | D:3      | Identified the +0 pair of gloves of Penoaj {Int+3} (You
                  | bought it in a shop on level 3 of the Dungeon)
 16958 | D:8      | XOM: divination: magic mapping
 16963 | D:8      | XOM: swap monsters
 16986 | D:8      | XOM: cleaving
 17097 | D:7      | Reached XP level 11. HP: 13/78 MP: 0/0
 17097 | D:7      | Learned a level 5 spell: Iskenderun's Battlesphere
 17349 | D:8      | XOM: smoke on damage
 17369 | D:8      | XOM: repel stairs
 17659 | D:8      | Found a bloodstained altar of Trog.
 17679 | D:8      | Noticed a two-headed ogre
 17687 | D:8      | XOM: swap monsters
 17705 | D:8      | Killed a two-headed ogre
 17800 | D:8      | XOM: enchant monster (bad)
 17832 | D:8      | Reached skill level 7 in Dodging
 17882 | D:8      | XOM: noise
 17921 | D:8      | XOM: potion effect (heal wounds)
 18477 | D:9      | Found a staircase to the Lair.
 18502 | D:9      | XOM: potion effect (invisibility)
 18883 | D:9      | Noticed Grum
 18895 | D:9      | Killed Grum
 19001 | D:9      | XOM: 1-stop teleportation journey
 19163 | D:9      | Noticed a two-headed ogre
 19166 | D:9      | a two-headed ogre changed into an ice dragon
 19166 | D:9      | Noticed an ice dragon
 19166 | D:9      | XOM: polymorph two-headed ogre -> ice dragon
 19174 | D:9      | Killed an ice dragon
 19186 | D:9      | XOM: scenery: 2 doors close
 19336 | D:9      | Noticed a two-headed ogre
 19343 | D:9      | XOM: fog
 19344 | D:9      | Killed a two-headed ogre
 19580 | D:9      | XOM: cloud trail
 19754 | D:10     | Entered Level 10 of the Dungeon
 19781 | D:10     | Reached XP level 12. HP: 82/85 MP: 0/0
 20012 | D:10     | XOM: polymorph troll -> centaur
 20048 | D:10     | XOM: give mutations
 20048 | D:10     | Gained mutation: You have a pair of small horns on your
                  | head. [Xom's grace]
 20048 | D:10     | Gained mutation: You are mostly covered in iridescent
                  | scales. (AC +4) [Xom's grace]
 20048 | D:10     | Gained mutation: You are robust. (+10% HP) [Xom's grace]
 20288 | D:10     | Reached skill level 8 in Dodging
 20569 | D:11     | Noticed a two-headed ogre
 20580 | D:11     | Killed a two-headed ogre
 20630 | D:11     | Found a gate leading to a gauntlet.
 20642 | Gauntlet | XOM: stealth player
 20642 | Gauntlet | Entered a Gauntlet
 20642 | Gauntlet | Found a transporter.
 20642 | Gauntlet | Found a transporter.
 20654 | Gauntlet | Found a transporter.
 20657 | Gauntlet | Found a transporter.
 20665 | Gauntlet | Found a transporter.
 20670 | Gauntlet | Found a transporter.
 20678 | Gauntlet | Found a transporter.
 20697 | Gauntlet | Noticed a sixfirhy
 20697 | Gauntlet | Noticed a sixfirhy
 20699 | Gauntlet | Found a transporter.
 20706 | Gauntlet | Noticed a sixfirhy
 20710 | Gauntlet | Noticed a sixfirhy
 20716 | Gauntlet | Found a transporter.
 20720 | Gauntlet | Found a transporter.
 20720 | Gauntlet | Found the +4 skin of Zhor {*Englaciate rC+++ SInv}
 20728 | Gauntlet | Found a transporter.
 20732 | Gauntlet | Found a transporter.
 20886 | Gauntlet | XOM: give mutation
 20886 | Gauntlet | Lost mutation: You are robust. (+10% HP) [Xom's mischief]
 20887 | Gauntlet | Reached skill level 1 in Shields
 20903 | Gauntlet | Identified the +0 pair of gloves of Jigsaw {Slay+2}
 21005 | Gauntlet | Identified the ring of the Burgomaster {Fire Dex+2 Slay+3}
 21063 | Gauntlet | Identified the amulet "Bigiarim" {Reflect SH+5 Stlth+}
 21063 | Gauntlet | Noticed a minotaur
 21075 | Gauntlet | Killed a minotaur
 21117 | D:11     | XOM: confuse monster(s)
 21179 | D:11     | XOM: scenery: create altars
 21314 | D:11     | XOM: summons 3 hostile demons
 21659 | Lair:1   | Entered Level 1 of the Lair of Beasts
 21659 | Lair:1   | Noticed Harold
 21659 | Lair:1   | XOM: 1-stop teleportation journey
 21670 | Lair:1   | Killed Harold
 21929 | Lair:1   | Noticed Amaemon
 21942 | Lair:1   | Killed Amaemon
 21943 | Lair:1   | Reached XP level 13. HP: 86/92 MP: 0/0
 21943 | Lair:1   | Learned a level 5 spell: Freezing Cloud
 22111 | Lair:1   | XOM: summons friendly iron imp
 22753 | Lair:2   | Found a frozen archway.
 22769 | Lair:2   | XOM: fake destruction
 22773 | Lair:2   | XOM: give mutations
 22773 | Lair:2   | Gained mutation: You are completely covered in iridescent
                  | scales. (AC +6) [Xom's mischief]
 22773 | Lair:2   | Gained mutation: Your muscles are strong. (Str +4, Int/Dex
                  | -1) [Xom's mischief]
 22773 | Lair:2   | Lost mutation: Your muscles are strong. (Str +4, Int/Dex
                  | -1) [Xom's mischief]
 22773 | Lair:2   | Lost mutation: You are somewhat resistant to further
                  | mutation. [Xom's mischief]
 22903 | IceCv    | Entered an ice cave
 22911 | IceCv    | Reached skill level 9 in Dodging
 23208 | IceCv    | Identified the ring of Monotheism {rN+ Str+8 Int+4} (Xom
                  | gifted it to you in an ice cave)
 23208 | IceCv    | XOM: god gift: ring of Monotheism {rN+ Str+8 Int+4}
 23337 | IceCv    | XOM: enchant monster (bad)
 23861 | IceCv    | Found a viscous altar of Jiyva.
 23861 | IceCv    | Noticed an azure jelly
 23866 | IceCv    | Noticed a quicksilver ooze
 23877 | IceCv    | Killed an azure jelly
 23911 | IceCv    | Killed a quicksilver ooze
 23928 | IceCv    | Identified the -1 pair of gloves of the Burning God {rC+
                  | Will+}
 23992 | IceCv    | XOM: swap monsters
 23998 | IceCv    | XOM: draining
 24000 | IceCv    | XOM: polymorph slime creature -> eye of devastation
 24001 | IceCv    | XOM: fake destruction
 24222 | Lair:2   | XOM: polymorph blink frog -> blink frog
 24231 | Lair:2   | XOM: noise
 24240 | Lair:2   | XOM: polymorph wyvern -> bombardier beetle
 24291 | Lair:2   | XOM: silly message
 25171 | Lair:3   | XOM: noise
 25181 | Lair:2   | Reached XP level 14. HP: 34/101 MP: 0/0
 25499 | Lair:3   | Found a staircase to the Swamp.
 25516 | Lair:3   | XOM: 2-stop teleportation journey
 25531 | Lair:3   | Reached skill level 5 in Shields
 25537 | Lair:3   | XOM: scenery: create altars
 25624 | Lair:3   | Found a hole to the Spider Nest.
 25681 | Lair:3   | XOM: torment (45/101 hp)
 25803 | Lair:3   | XOM: god gift: book of the Dragon
 25917 | Lair:3   | XOM: silly message
 25918 | Lair:3   | XOM: potion effect (invisibility)
 25920 | Lair:3   | XOM: noise
 25924 | Lair:3   | XOM: noise
 25928 | Lair:3   | XOM: enchant monster (bad)
 25959 | Lair:3   | Reached skill level 10 in Dodging
 26038 | Lair:3   | XOM: noise
 26139 | Lair:3   | XOM: noise
 26233 | Lair:3   | XOM: divination: detect creatures
 26294 | Lair:3   | XOM: silly message
 26529 | Lair:3   | XOM: silly message
 26735 | Lair:4   | Noticed Rupert
 26736 | Lair:4   | XOM: potion effect (curing)
 26738 | Lair:4   | XOM: silly message
 26742 | Lair:4   | XOM: summons 8 hostile demons
 26746 | Lair:4   | XOM: smoke on damage
 26747 | Lair:4   | Killed Rupert
 27045 | Lair:4   | XOM: god gift: 15 gold pieces
 27248 | Lair:4   | Noticed Kirke
 27264 | Lair:4   | Killed Kirke
 27289 | Lair:4   | XOM: noise
 27383 | Lair:4   | Reached skill level 10 in Fighting
 27419 | Lair:4   | Noticed Sonja
 27430 | Lair:4   | Killed Sonja
 27496 | Lair:4   | XOM: summons 8 hostile demons
 27658 | Lair:4   | XOM: blink monster(s)
 27661 | Lair:4   | XOM: destruction
 28023 | Lair:4   | XOM: potion effect (brilliance)
 28055 | Lair:4   | XOM: give mutations
 28055 | Lair:4   | Gained mutation: Your flesh is almost immune to the effects
                  | of heat. (rF+++) [Xom's grace]
 28055 | Lair:4   | Gained mutation: You are highly strong-willed. (Will++)
                  | [Xom's grace]
 28055 | Lair:4   | Gained mutation: You are agile. (Dex +4, Str/Int -1) [Xom's
                  | grace]
 28055 | Lair:4   | Gained mutation: You have a pair of horns on your head.
                  | [Xom's grace]
 28359 | Lair:5   | Entered Level 5 of the Lair of Beasts
 28374 | Lair:5   | Reached XP level 15. HP: 103/107 MP: 0/0
 28374 | Lair:5   | Learned a level 6 spell: Sculpt Simulacrum
 28394 | Lair:5   | XOM: summons friendly ufetubus
 28570 | Lair:5   | Reached skill level 10 in Spellcasting
 28570 | Lair:5   | Reached skill level 10 in Conjurations
 28570 | Lair:5   | Reached skill level 10 in Hexes
 28570 | Lair:5   | Reached skill level 10 in Summonings
 28570 | Lair:5   | Reached skill level 10 in Necromancy
 28570 | Lair:5   | Reached skill level 10 in Translocations
 28570 | Lair:5   | Reached skill level 10 in Fire Magic
 28570 | Lair:5   | Reached skill level 10 in Ice Magic
 28570 | Lair:5   | Reached skill level 10 in Air Magic
 28570 | Lair:5   | Reached skill level 10 in Earth Magic
 28570 | Lair:5   | Reached skill level 10 in Alchemy
 28570 | Lair:5   | XOM: god gift: chain mail {god gift}
 28659 | Lair:5   | XOM: scenery: summon butterflies
 28740 | Lair:5   | Found a large runed translucent door.
 28740 | Lair:5   | Found a large runed translucent door.
 28740 | Lair:5   | XOM: 7-stop teleportation journey
 28755 | Lair:5   | XOM: scenery: summon butterflies
 28848 | Lair:5   | XOM: confuse monster(s)
 28974 | Lair:5   | Reached skill level 11 in Dodging
 29055 | Lair:5   | XOM: destruction
 29063 | Lair:5   | Reached skill level 10 in Armour
 29332 | Lair:5   | XOM: 4-stop teleportation journey
 29336 | Lair:5   | XOM: summons 15 friendly demons
 29338 | Lair:5   | Found a staircase to the Slime Pits.
 29716 | Lair:5   | XOM: god gift: 48 gold pieces
 30468 | D:12     | Noticed Snorg
 30475 | D:12     | Killed Snorg
 30524 | D:12     | Found Odwy's General Store.
 30656 | D:12     | Found a staircase to the Orcish Mines.
 30657 | D:12     | XOM: cleaving
 30663 | D:12     | XOM: potion effect (might)
 30666 | D:12     | XOM: noise
 30670 | D:12     | Reached skill level 10 in Long Blades
 30672 | D:12     | Noticed Gastronok
 30683 | D:12     | Killed Gastronok
 30859 | D:12     | Noticed Azrael
 30865 | D:12     | Killed Azrael
 30877 | D:12     | XOM: confuse monster(s)
 30942 | D:12     | XOM: destruction
 30955 | D:12     | XOM: repel stairs
 31084 | D:12     | Reached XP level 16. HP: 115/115 MP: 0/0
 31113 | D:12     | Found a portal to a secret trove of treasure.
 31459 | Orc:1    | Entered Level 1 of the Orcish Mines
 32241 | Orc:1    | XOM: torment (65/116 hp)
 32393 | Orc:1    | Found Usukhleru's Magic Scroll Emporium.
 32401 | Orc:1    | Bought a scroll of identify for 28 gold pieces
 32401 | Orc:1    | Bought a scroll of identify for 28 gold pieces
 32497 | Orc:2    | Entered Level 2 of the Orcish Mines
 32597 | Orc:2    | XOM: summons 9 hostile demons
 32774 | Orc:2    | Noticed Saint Roka
 32776 | Orc:2    | XOM: 1-stop teleportation journey
 32806 | Orc:2    | Found Vigan's Mass Market.
 32890 | Orc:2    | XOM is BORED!
 32890 | Orc:2    | XOM: torment (65/116 hp)
 33309 | Orc:2    | Killed Saint Roka
 33422 | Orc:2    | Found a staircase to the Elven Halls.
 33475 | Orc:2    | Found Xupral's Antique Weapon Boutique.
 33485 | Orc:2    | XOM: polymorph deep troll -> polar bear
 33504 | Orc:2    | XOM: chaos upgrade
 33508 | Orc:2    | Reached skill level 12 in Dodging
 33534 | Orc:2    | XOM: cast spell 'Summon Hydra'
 33755 | Orc:2    | Found Boled's Assorted Antiques.
 33763 | Orc:2    | XOM: give mutations
 33763 | Orc:2    | Lost mutation: Your movements are slightly less encumbered
                  | by armour. (ER -2) [Xom's mischief]
 33763 | Orc:2    | Lost mutation: Armour fits poorly on your strangely shaped
                  | body. [Xom's mischief]
 33815 | Orc:2    | Found Nuirub's Armour Shoppe.
 33824 | Orc:2    | Found Konlen's Distillery.
 33833 | Orc:2    | Bought a potion of curing for 42 gold pieces
 33833 | Orc:2    | Bought a potion of heal wounds for 70 gold pieces
 33833 | Orc:2    | Bought a potion of heal wounds for 70 gold pieces
 33833 | Orc:2    | Bought a potion of resistance for 140 gold pieces
 34105 | Orc:2    | Bought a scroll of enchant weapon for 157 gold pieces
 34198 | D:13     | Noticed Erolcha
 34202 | D:13     | Killed Erolcha
 34680 | D:13     | XOM: stat loss: -1 Str (17/18)
 34958 | D:13     | Found the +3 warlock's mirror {omnireflect}
 35396 | D:14     | Found Farurier's Distillery.
 35400 | D:14     | Bought 2 potions of heal wounds for 120 gold pieces
 35400 | D:14     | Bought 2 potions of berserk rage for 120 gold pieces
 35400 | D:14     | Bought a potion of heal wounds for 60 gold pieces
 35400 | D:14     | Bought a potion of mutation for 96 gold pieces
 35454 | D:14     | Found Tauleg's Antique Armour Shoppe.
 35460 | D:14     | Bought a pair of embroidered gloves for 255 gold pieces
 35474 | D:14     | XOM: silly message
 35481 | D:14     | Bought a pair of glowing gloves for 255 gold pieces
 35482 | D:14     | Bought a pair of runed gloves for 255 gold pieces
 35583 | D:14     | Identified the +4 flail "Moyfaps" {drain, rPois rC+ Str+5}
 35598 | D:14     | Found a gate to the Vaults.
 35599 | D:14     | Noticed a tengu reaver
 35607 | D:14     | Killed a tengu reaver
 35756 | D:14     | Reached XP level 17. HP: 118/123 MP: 0/0
 35756 | D:14     | Learned a level 7 spell: Monstrous Menagerie
 35775 | D:14     | Found Asseec's Book Emporium.
 35835 | D:14     | Found Weatz's Armour Emporium.
 35920 | D:14     | Found Enteruwk's CLEARANCE SALE!.
 35928 | D:14     | Bought a potion of mutation for 16 gold pieces
 35928 | D:14     | Bought a potion of ambrosia for 16 gold pieces
 35980 | D:15     | Entered Level 15 of the Dungeon
 36161 | D:15     | XOM: give mutation
 36161 | D:15     | Gained mutation: You passively map a small area around you.
                  | [Xom's grace]
 36382 | D:15     | XOM: polymorph boulder beetle -> ice dragon
 36394 | D:15     | XOM: polymorph yaktaur -> satyr
 36397 | D:15     | XOM: fog
 36416 | D:15     | XOM: cleaving
 36516 | D:15     | XOM: noise
 36544 | D:15     | Found a staircase to the Depths.
 36875 | D:12     | XOM is BORED!
 36875 | D:12     | XOM: give mutations
 36875 | D:12     | Lost mutation: You are covered in fur. (AC +1) [Xom's
                  | mischief]
 36875 | D:12     | Lost mutation: You expend health (3 HP) to strengthen your
                  | wands. [Xom's mischief]
 36875 | D:12     | Gained mutation: You occasionally lose the ability to drink
                  | potions when taking damage. [Xom's mischief]
 36983 | Swamp:1  | Entered Level 1 of the Swamp
 37265 | Swamp:1  | XOM: 1-stop teleportation journey
 37468 | Swamp:1  | XOM: smoke on damage
 37737 | Swamp:1  | XOM: polymorph alligator -> minotaur
 38149 | Swamp:2  | XOM: polymorph tyrant leech -> harpy
 38479 | Swamp:2  | XOM: cleaving
 38486 | Swamp:2  | Reached skill level 13 in Dodging
 38512 | Swamp:2  | XOM: polymorph goliath frog -> yak
 38593 | Swamp:2  | XOM: give mutations
 38593 | Swamp:2  | Gained mutation: You are very agile. (Dex +8, Str/Int -2)
                  | [Xom's grace]
 38593 | Swamp:2  | Gained mutation: Your mind is acute. (Int +4, Str/Dex -1)
                  | [Xom's grace]
 38593 | Swamp:2  | Gained mutation: You are somewhat resistant to further
                  | mutation. [Xom's grace]
 38740 | Swamp:3  | XOM: polymorph goliath frog -> manticore
 38803 | Swamp:3  | XOM: polymorph goliath frog -> skyshark
 38894 | Swamp:3  | XOM: give mutations
 38894 | Swamp:3  | Lost mutation: You are somewhat resistant to further
                  | mutation. [Xom's mischief]
 38894 | Swamp:3  | Lost mutation: You occasionally lose the ability to drink
                  | potions when taking damage. [Xom's mischief]
 38894 | Swamp:3  | Lost mutation: You possess an exceptional clarity of mind.
                  | [Xom's mischief]
 38894 | Swamp:3  | Gained mutation: You are very vulnerable to cold. (rC--)
                  | [Xom's mischief]
 38981 | Swamp:3  | Identified the +7 plate armour "Deuzasoa" {Fly rF+}
 39083 | Swamp:3  | XOM: god gift: potion of curing
 39475 | Swamp:4  | Entered Level 4 of the Swamp
 39687 | Swamp:4  | XOM: cleaving
 39719 | Swamp:4  | XOM: 6-stop teleportation journey
 39822 | Swamp:4  | XOM: god gift: 1038 gold pieces
 40011 | Swamp:4  | Reached XP level 18. HP: 121/130 MP: 0/0
 40074 | Swamp:4  | Reached skill level 10 in Shields
 40295 | Swamp:4  | XOM: divination: magic mapping
 40296 | Swamp:4  | XOM: summons friendly quasit
 40354 | Swamp:4  | XOM: summons 8 friendly demons
 40355 | Swamp:4  | XOM: summons friendly quasit
 40395 | Swamp:4  | XOM: confusion (+ monsters)
 40404 | Swamp:4  | XOM: torment (74/131 hp)
 40408 | Swamp:4  | XOM: polymorph slime creature -> fire dragon
 40410 | Swamp:4  | XOM: potion effect (heal wounds)
 40453 | Swamp:4  | XOM: 5-stop teleportation journey
 40619 | Swamp:4  | XOM: potion effect (attraction)
 40687 | Swamp:4  | XOM: divination: detect items
 40737 | Swamp:4  | XOM: enchant monster (good)
 40929 | Swamp:4  | Got a decaying rune of Zot
 41001 | Swamp:4  | XOM: fake destruction
 41032 | Swamp:4  | XOM: give mutations
 41032 | Swamp:4  | Gained mutation: You are covered in fur. (AC +1) [Xom's
                  | grace]
 41032 | Swamp:4  | Gained mutation: You are partially covered in large bone
                  | plates. (SH +4) [Xom's grace]
 41193 | Swamp:2  | XOM: 4-stop teleportation journey
 41242 | Spider:1 | Entered Level 1 of the Spider Nest
 41431 | Spider:1 | Noticed Agnes
 41437 | Spider:1 | Killed Agnes
 41450 | Spider:1 | XOM: potion effect (invisibility)
 41549 | Spider:1 | XOM: god gift: inky potion {god gift}
 41580 | Spider:1 | XOM: noise
 41778 | Spider:1 | XOM: 5-stop teleportation journey
 42088 | Spider:1 | XOM: stat loss: -1 Str (15/16)
 42183 | Spider:1 | Noticed Louise
 42196 | Spider:1 | Killed Louise
 42541 | Spider:2 | XOM: destruction
 42777 | Spider:2 | XOM: 8-stop teleportation journey
 43046 | Spider:2 | XOM: divination: detect creatures
 43197 | Spider:3 | Identified the +7 shortbow of Jogit {speed, Str+2 Int+3}
 43244 | Spider:3 | Reached skill level 14 in Dodging
 43401 | Spider:3 | Identified the ring of Mirth {Str+6 Dex+6}
 43620 | Spider:3 | XOM: 3-stop teleportation journey
 43756 | Spider:3 | XOM: god gift: runed ring mail {god gift}
 43872 | Spider:3 | XOM: summons friendly iron imp
 43878 | Spider:3 | XOM: give mutations
 43878 | Spider:3 | Gained mutation: Your mind is very acute. (Int +8, Str/Dex
                  | -2) [Xom's grace]
 43878 | Spider:3 | Gained mutation: You are robust. (+10% HP) [Xom's grace]
 43878 | Spider:3 | Gained mutation: You are extremely strong-willed. (Will+++)
                  | [Xom's grace]
 44141 | Spider:4 | Entered Level 4 of the Spider Nest
 44141 | Spider:4 | XOM: give mutations
 44141 | Spider:4 | Lost mutation: You passively dampen the noise of your
                  | surroundings. [Xom's mischief]
 44141 | Spider:4 | Lost mutation: You passively map a small area around you.
                  | [Xom's mischief]
 44141 | Spider:4 | Lost mutation: You are completely covered in iridescent
                  | scales. (AC +6) [Xom's mischief]
 44149 | Spider:4 | Reached XP level 19. HP: 134/151 MP: 0/0
 44149 | Spider:4 | Learned a level 7 spell: Orb of Destruction
 44149 | Spider:4 | XOM: divination: detect items
 44531 | Spider:4 | XOM: summons friendly crimson imp
 44592 | Spider:4 | XOM: give mutations
 44592 | Spider:4 | Lost mutation: You are covered in fur. (AC +1) [Xom's
                  | mischief]
 44592 | Spider:4 | Lost mutation: Your flesh is almost immune to the effects
                  | of heat. (rF+++) [Xom's mischief]
 44592 | Spider:4 | Lost mutation: You are partially covered in large bone
                  | plates. (SH +4) [Xom's mischief]
 44592 | Spider:4 | Lost mutation: You are very agile. (Dex +8, Str/Int -2)
                  | [Xom's mischief]
 44926 | Spider:4 | XOM: blink monster(s)
 45154 | Spider:4 | XOM: noise
 45180 | Spider:4 | XOM: swap monsters
 45240 | Spider:4 | XOM: enchant monster (good)
 45403 | Spider:4 | XOM: potion effect (haste)
 45596 | Spider:4 | XOM: silly message
 45608 | Spider:4 | XOM: potion effect (brilliance)
 45761 | Spider:4 | XOM: silly message
 45805 | Spider:4 | XOM: silly message
 45881 | Spider:4 | Got a gossamer rune of Zot
 45979 | Spider:2 | XOM: silly message
 46183 | Vaults:1 | Entered Level 1 of the Vaults
 46196 | Vaults:1 | XOM: potion effect (haste)
 46440 | Vaults:1 | XOM: noise
 46492 | Vaults:1 | Noticed Nikola
 46494 | Vaults:1 | XOM: potion effect (haste)
 46506 | Vaults:1 | Killed Nikola
 46536 | Vaults:1 | XOM: silly message
 46666 | Vaults:1 | XOM: cast spell 'Summon Ice Beast'
 46672 | Vaults:1 | XOM: noise
 46674 | Vaults:1 | XOM: summons 2 friendly demons
 46699 | Vaults:1 | XOM: noise
 46714 | Vaults:1 | XOM: confuse monster(s)
 47137 | Vaults:1 | XOM: 8-stop teleportation journey
 47164 | Vaults:1 | XOM: noise
 47173 | Vaults:1 | Reached XP level 20. HP: 143/160 MP: 0/0
 47231 | Vaults:1 | XOM: potion effect (heal wounds)
 47365 | Vaults:1 | XOM: give mutation
 47365 | Vaults:1 | Lost mutation: You are very vulnerable to cold. (rC--)
                  | [Xom's mischief]
 47511 | Vaults:1 | XOM: noise
 47620 | Vaults:1 | XOM: scenery: 2 doors close
 47622 | Vaults:1 | XOM: divination: magic mapping
 47758 | Vaults:1 | XOM: noise
 48047 | Vaults:2 | XOM: silly message
 48055 | Vaults:2 | Reached skill level 15 in Dodging
 48177 | Vaults:2 | XOM: 3-stop teleportation journey
 48264 | Vaults:2 | Found a crumbling gateway.
 48273 | Desolati | Entered the Desolation of Salt
 48507 | Desolati | XOM: chaos upgrade
 48518 | Desolati | HP: 6/161 [saltling (23)]
 48518 | Desolati | Slain by a peacekeeper

Illustrated notes

Levels and vault maps discovered:
D:1:      sevenhm_arrival_forest_fort_small_5, layout_basic,
          chequers_ecumenical_altar_simple_redux, minmay_close_crescents
D:2:      layout_basic
D:3:      layout_basic, serial_shops, nicolae_shop_gibbet_a_chance, shop,
          nicolae_shop_pleasant_corner_grove, nicolae_shop_waterfront,
          nicolae_book_shop_shelving, portal_sewer_entry_c
D:4:      layout_rooms, ebering_ghost_rock_garden,
          serial_library_hellmonk_metal_room
D:5:      nicolae_cairo_tiling_very_big, layout_basic, serial_bayou_lagoon_a
D:6:      dreamdust_elfheim, layout_cave_pods, mainiacjoe_overflow_24_doors,
          gammafunk_ghost_arena, uniq_prince_ribbit1
D:7:      layout_basic, gammafunk_ghost_icy, uniq_jeremiah
D:8:      layout_cave_pools, mainiacjoe_overflow_concentric_impassable,
          serial_ice, serial_ice_h, serial_ice_o, serial_ice_c, serial_ice_e,
          serial_ice_n, serial_ice_b, serial_ice_l, serial_ice_a, serial_ice_d,
          serial_ice_g
D:9:      layout_irregular_city, david_lair_shrubbed, uniq_grum
D:10:     layout_big_octagon, serial_gnoll_camp, gnoll_camp_huts_basic,
          gnoll_camp_mini_hut, gnoll_camp_mini_basic, gnoll_camp_medium_01
D:11:     layout_basic, gauntlet_entry_generic
D:12:     layout_loops_ring, david_orc_5, serial_shops,
          nicolae_shop_back_alley_shop, nicolae_trove_entry_path_of_doom,
          uniq_azrael, uniq_snorg, uniq_gastronok
D:13:     minmay_smoke_and_mirrors, layout_loops_ring, special_room
          [special_room_orc], uniq_erolcha
D:14:     layout_rooms, hellmonk_vaults_attempted_burglary, serial_shops,
          nicolae_shop_pleasant_corner_grove, nicolae_shop_tiny_real_fake_doors,
          nicolae_lakefront_shop, kennysheep_little_box, kennysheep_nub,
          nicolae_shop_clearance
D:15:     grunt_enter_depths_giant_problem, layout_loops_ring, chequers_jeans,
          hex_tiny
Lair:1:   layout_loops_ring, uniq_amaemon, uniq_harold
Lair:2:   layout_small_grid, portal_ice_cave_entry_imps,
          chequers_serial_rivers_micro_c
Lair:3:   layout_big_grid, minmay_swamp_entry_swarm,
          hellmonk_spider_entry_life_and_decay
Lair:4:   layout_regular_city, hellmonk_talismancer, uniq_kirke, uniq_sonja,
          uniq_rupert
Lair:5:   cheibrodos_lair_end_hotspot, layout_gridlike,
          nicolae_slime_entry_field_trip, lemuel_fruit_tree
Swamp:1:  layout_basic_swamp, evilmike_swamp_ruin_house_5, swamp_pool_1_2,
          roderic_carrion_pond
Swamp:2:  layout_basic_swamp, evilmike_swamp_ruin_house_4
Swamp:3:  layout_basic_swamp, infiniplex_staircase_pool,
          nicolae_swamp_decorative_isthmus
Swamp:4:  swamp_vile, layout_basic_swamp
Spider:1: layout_spider_delve, hangedman_spider_tarantella_strand, uniq_louise,
          uniq_agnes
Spider:2: layout_cave_pods
Spider:3: layout_spider_delve
Spider:4: spider_rune_water, nicolae_spider_eight_legs
Orc:1:    cheibrodos_orc_guarddog, layout_diamond_mine, serial_shops, shop
Orc:2:    st_orc_open, layout_diamond_mine, minmay_shop_mass, uniq_saint_roka
Vaults:1: nicolae_vaults_offset_grid_hallway_2, nicolae_vaults_little_squares_1,
          vaults_dpeg_cross, v_misc_26, nicolae_vaults_quartermaster,
          vaults_room_boxed, hangedman_vaults_restitches,
          ontoclasm_vaults_ligature, layout_vaults_omnibox, uniq_nikola
Vaults:2: portal_desolation_entry_ruin, nicolae_vaults_meiosis,
          vaults_room_pools, nicolae_vaults_weapon_check, v_pattern_2,
          vaults_mumra_minichess, nicolae_vaults_trapezoid_lopsided_1,
          nicolae_vaults_sesquioval_fish, layout_vaults_omnigrid
Desolation

Skill      XL: |  1  2  3  4  5  6  7  8  9 10 11 12 13 14 15 16 17 18 19 20 |
---------------+-------------------------------------------------------------+-----
Spellcasting   | 1 2 3 4 5 6 7 8 9 10 11 12 13 | 13.8
Conjurations   | 1 2 3 4 5 6 7 8 9 10 11 12 13 | 13.8
Hexes          | 1 2 3 4 5 6 7 8 9 10 11 12 13 | 13.8
Summonings     | 1 2 3 4 5 6 7 8 9 10 11 12 13 | 13.8
Necromancy     | 1 2 3 4 5 6 7 8 9 10 11 12 13 | 13.8
Translocations | 1 2 3 4 5 6 7 8 9 10 11 12 13 | 13.8
Fire Magic     | 1 2 3 4 5 6 7 8 9 10 11 12 13 | 13.8
Ice Magic      | 1 2 3 4 5 6 7 8 9 10 11 12 13 | 13.8
Air Magic      | 1 2 3 4 5 6 7 8 9 10 11 12 13 | 13.8
Earth Magic    | 1 2 3 4 5 6 7 8 9 10 11 12 13 | 13.8
Alchemy        | 1 2 3 4 5 6 7 8 9 10 11 12 13 | 13.8
Long Blades    | 3 4 5 6 7 8 9 10 11 12 13 | 13.0
Armour         | 2 3 4 5 6 7 8 9 10 11 12 13 | 13.8
Dodging        | 3 4 5 6 7 8 9 10 11 12 13 14 15 | 15.1
Evocations     | 2 4 5 7 8 9 |  9.4
Fighting       | 4 5 6 7 8 9 10 11 12 13 14 | 14.1
Shields        | 2 4 6 7 8 9 10 11 12 | 12.0

Action                     |  1- 3 |  4- 6 |  7- 9 | 10-12 | 13-15 | 16-18 | 19-21 || total
---------------------------+-------+-------+-------+-------+-------+-------+-------++-------
  Melee: Falchion          |    92 |   230 |   406 |    83 |       |       |       ||   811
         Punch             |       |     1 |     8 |     7 |       |       |       ||    16
         Long sword        |       |       |       |   584 |   809 |       |       ||  1393
         Headbutt          |       |       |       |    47 |   245 |   260 |   141 ||   693
         Scimitar          |       |       |       |       |    21 |   801 |   395 ||  1217
   Cast: Mercury Vapours   |       |     5 |    34 |    32 |    22 |    19 |     9 ||   121
         Sticky Flame      |       |       |    13 |    47 |    65 |    71 |    42 ||   238
         Blink             |       |       |     3 |       |       |       |       ||     3
         Iskenderun's Batt |       |       |       |     1 |       |     1 |     1 ||     3
         Freezing Cloud    |       |       |       |       |    77 |   143 |    48 ||   268
         Sculpt Simulacrum |       |       |       |       |       |     3 |     5 ||     8
         Monstrous Menager |       |       |       |       |       |       |     3 ||     3
         Orb of Destructio |       |       |       |       |       |       |     2 ||     2
  Evoke: Condenser vane    |       |       |     1 |     2 |       |       |       ||     3
         Wand              |       |       |     3 |     4 |     2 |     3 |       ||    12
         Phial of floods   |       |       |     1 |     1 |       |     1 |     1 ||     4
    Use: Scroll            |       |     1 |     8 |     9 |     2 |     4 |     4 ||    28
         Potion            |       |       |     3 |     3 |       |     1 |     3 ||    10
   Stab: Sleeping          |     2 |       |     1 |     4 |     5 |    12 |     2 ||    26
         Confused          |     1 |       |       |     1 |     4 |       |       ||     6
         Invisible         |       |     7 |       |     6 |     4 |     1 |     3 ||    21
         Paralysed         |       |       |    15 |     1 |     7 |       |       ||    23
         Distracted        |       |       |       |       |     2 |     3 |     1 ||     6
 Armour: Leather armour    |    50 |   148 |   360 |   355 |       |       |       ||   913
         Troll leather arm |       |       |       |    88 |       |       |       ||    88
         Animal skin       |       |       |       |    31 |   392 |   283 |   111 ||   817
  Dodge: Dodged            |    54 |   183 |   412 |   574 |   571 |   469 |   256 ||  2519
  Block: Other             |       |       |     3 |   101 |       |       |       ||   104
         Reflection        |       |       |       |     8 |    21 |    25 |     1 ||    55
         Kite shield       |       |       |       |   103 |       |       |       ||   103
         Buckler           |       |       |       |    62 |   508 |   551 |   282 ||  1403

Table legend: (Time is in decaauts)
 A = Elapsed time spent in this place.
 B = Non-inter-level travel time spent in this place.
 C = Inter-level travel time spent in this place.
 D = Time resting spent in this place.
 E = Time spent auto-exploring this place.
 F = Levels seen in this place.
 G = Mean time per level.
                   A        B        C        D        E       F      G
               +--------+--------+--------+--------+--------+-----+--------+
         Total |  48437 |  46749 |   1688 |  13308 |  24736 |  36 | 1345.5 |
       Dungeon |  25002 |  24161 |    841 |   9727 |  10832 |  15 | 1666.8 |
          Lair |   7656 |   7233 |    423 |    818 |   4948 |   5 | 1531.2 |
         Swamp |   4190 |   4064 |    126 |    514 |   2668 |   4 | 1047.5 |
   Spider Nest |   4538 |   4355 |    183 |    616 |   2853 |   4 | 1134.5 |
  Orcish Mines |   2680 |   2617 |     63 |    496 |   1645 |   2 | 1340.0 |
        Vaults |   2003 |   1954 |     49 |    360 |   1053 |   2 | 1001.5 |
         Sewer |    408 |    408 |      0 |      0 |    172 |   1 |  408.0 |
      Ice Cave |   1266 |   1266 |      0 |    526 |    390 |   1 | 1266.0 |
    Desolation |    235 |    235 |      0 |    137 |     12 |   1 |  235.0 |
      Gauntlet |    455 |    455 |      0 |    113 |    162 |   1 |  455.0 |
               +--------+--------+--------+--------+--------+-----+--------+

Top non-repeatable levels by time:
     D:1: 9122 daAuts
     D:7: 1947 daAuts
  Lair:5: 1909 daAuts
Vaults:1: 1778 daAuts
Spider:4: 1750 daAuts
     D:9: 1687 daAuts
  Lair:3: 1676 daAuts
 Swamp:4: 1662 daAuts
     D:6: 1655 daAuts
  Lair:2: 1483 daAuts
  Lair:4: 1474 daAuts
   Orc:1: 1385 daAuts
     D:3: 1376 daAuts
   Orc:2: 1294 daAuts
   IceCv: 1266 daAuts
